 Dungeon Crawl Stone Soup version 0.30-a0-465-g8901f6c8b5 (webtiles) character file.

Game seed: 2309120902931989569

0 gammarae the Firebug (level 1, -1/18 HPs)
             Began as a Human Cinder Acolyte on Dec 18, 2022.
             Was a High Priest of Ignis.
             Slain by a kobold
             ... wielding a +0 short sword
              (3 damage)
             ... on level 1 of the Dungeon.
             The game lasted 00:01:48 (37 turns).

gammarae the Firebug (Human Cinder Acolyte)           Turns: 37, Time: 00:01:55

Health: -1/18      AC:  2    Str: 14    XL:     1   Next: 11%
Magic:  2/2        EV: 11    Int: 14    God:    Ignis [*****.]
Gold:   0          SH:  0    Dex:  8    Spells: 2/2 levels left

rFire   + . .      SeeInvis .    a - -1 spear (flame)
rCold   . . .      Faith    .    (no shield)
rNeg    . . .      Spirit   .    b - +0 robe
rPois   .          Reflect  .    (no helmet)
rElec   .          Harm     .    (no cloak)
rCorr   .          Rampage  .    (no gloves)
Will    .....                    (no boots)
Stlth   +.........               (no amulet)
HPRegen 0.23/turn                (no ring)
MPRegen 0.08/turn                (no ring)

@: no status effects
A: no striking features
a: Renounce Religion, Fiery Armour, Foxfire Swarm, Rising Flame


You were on level 1 of the Dungeon.
You worshipped Ignis.
Ignis was extremely pleased with you.
You visited 1 branch of the dungeon, and saw 1 of its levels.

Inventory:

Hand Weapons
 a - a -1 spear of flaming (weapon)
Missiles
 c - 2 stones (quivered)
Armour
 b - a +0 robe (worn)


   Skills:
 + Level 3.0 Fighting
 + Level 3.0 Polearms
 + Level 1.0 Spellcasting
 + Level 3.0 Fire Magic


You had 2 spell levels left.
You didn't know any spells.
Your spell library contained the following spells:

 Spells                   Type           Power      Damage    Failure   Level
 Scorch                   Fire           18%        2d5       12%         2


Dungeon Overview and Level Annotations

Branches:
Dungeon (1/15)

Altars:


Message History

You swing at nothing.
The bat barely misses you.
You hit the bat. You burn the bat.
You kill the bat!
You see here 2 stones.
Reach: a) -1 spear (flame)
Press: ? - help, Dir - move target, f - you
c - 2 stones
Okay, then.
As you open the door, it creaks loudly!
You hear a shout! x3
A kobold comes into view. It is wielding a +0 dagger.
There is an open door here.
A kobold comes into view. It is wielding a +0 short sword.
The kobold shouts!
An endoplasm comes into view.
Found a stone staircase leading down.
There are monsters nearby!
A hobgoblin comes into view.
The hobgoblin shouts!
A giant cockroach comes into view.
You closely miss the kobold.
A bat comes into view.
The kobold hits you with a +0 dagger.
You barely miss the kobold. The kobold hits you with a +0 dagger.
You closely miss the kobold. The bat hits you. The kobold barely misses you.
You hit the kobold but do no damage. The bat misses you.
The kobold hits you but does no damage.
The kobold hits you with a +0 short sword.
The hobgoblin barely misses you.
You hit the kobold but do no damage. The bat hits you but does no damage.
The kobold hits you with a +0 dagger. The kobold closely misses you.
The hobgoblin closely misses you. The giant cockroach closely misses you.
The kobold hits you with a +0 dagger. The kobold closely misses you.
The bat hits you. The kobold attacks as you move away!
The kobold hits you with a +0 dagger.
* * * LOW HITPOINT WARNING * * *
The bat attacks as you move away! The bat hits you.
* * * LOW HITPOINT WARNING * * *
The bat barely misses you. The giant cockroach barely misses you.
The kobold hits you with a +0 short sword.
You die...

#. ... #.##..####
#........# #........#
. #........# ..
#......... .#.#
#...###### ..
.....#........#####..
......gK@b#≈≈##......
##.....BK#....#.....#
......)..≈....§§....#
..##.#.!.≈.<⌠§§§)...#
> .......≈..§§§§....#
###.##..#.§§§#.....#
#.#..###≈§###≈≈### .
#..#...§.# ...# ..
##.#.....≈ ..≈.


You could see a giant cockroach, a hobgoblin, a bat and 2 kobolds.

Vanquished Creatures
  A bat (D:1)
1 creature vanquished.

Notes
Turn   | Place    | Note
-------+----------+-------------------------------------------
     0 | D:1      | gammarae the Human Cinder Acolyte began the quest for the
                  | Orb.
     0 | D:1      | Reached XP level 1. HP: 18/18 MP: 2/2
    37 | D:1      | Slain by a kobold

Illustrated notes

Levels and vault maps discovered:
D:1:      dpeg_arrival_rooms_with_view, layout_basic,
          ebering_ecumenical_altar_mist, minivault_14, roderic_serpentine_path,
          nicolae_figureground_pulse

Action                   || total
-------------------------++-------
Melee: Spear             ||     7
Armor: Robe              ||     6
Dodge: Dodged            ||    13

Table legend: (Time is in decaauts)
 A = Elapsed time spent in this place.
 B = Non-inter-level travel time spent in this place.
 C = Inter-level travel time spent in this place.
 D = Time resting spent in this place.
 E = Time spent auto-exploring this place.
 F = Levels seen in this place.
 G = Mean time per level.
                   A        B        C        D        E       F      G
               +--------+--------+--------+--------+--------+-----+--------+
         Total |     36 |     35 |      1 |      0 |      0 |   1 |   36.0 |
       Dungeon |     36 |     35 |      1 |      0 |      0 |   1 |   36.0 |
               +--------+--------+--------+--------+--------+-----+--------+

Top non-repeatable levels by time:
     D:1: 36 daAuts
